 Dungeon Crawl Stone Soup version 0.29-a0-649-g45c230d69a (webtiles) character file.

Game seed: 12996177390522916599

1413 PentaManta the Archer (level 8, -3/34 (37) HPs)
             Began as a Spriggan Hunter on June 21, 2022.
             Was an Elder of Uskayaw.
             Slain by a wight
             ... wielding a +3 hand axe
              (6 damage)
             ... on level 7 of the Dungeon.
             The game lasted 00:11:25 (6908 turns).

PentaManta the Archer (Spriggan Hunter)             Turns: 6908, Time: 00:11:26

HP:   -3/34 (37)    AC:  7    Str:  7    XL:     8   Next: 43%
MP:   9/9           EV: 18    Int: 10    God:    Uskayaw [****..]
Gold: 494           SH:  0    Dex: 21    Spells: 7/7 levels left

rFire   . . .      SeeInvis +   a - +1 shortbow
rCold   . . .      Faith    .   (shield currently unavailable)
rNeg    . . .      Spirit   .   b - +0 robe
rPois   .          Reflect  .   (helmet restricted)
rElec   .          Harm     .   l - +0 cloak
rCorr   .          Rampage  .   (gloves unavailable)
Will    +....                   (boots unavailable)
Stlth   ++........              (no amulet)
HPRegen 0.11/turn               o - +4 ring of protection
MPRegen 0.11/turn               (no ring)

@: studying Air Magic, drained, very quick
A: very small, no large weapons, unfitting armour, see invisible, speed 3
a: Renounce Religion, Stomp, Line Pass


You were on level 7 of the Dungeon.
You worshipped Uskayaw.
Uskayaw was noncommittal.
You visited 2 branches of the dungeon, and saw 8 of its levels.

You collected 494 gold pieces.

Inventory:

Hand Weapons
 a - a +1 shortbow (weapon)
 e - a +0 dagger of venom
Armour
 b - a +0 robe (worn)
 l - a +0 cloak (worn)
Jewellery
 o - a +4 ring of protection (left hand)
 z - a ring of wizardry
 A - a ring of protection from fire
Scrolls
 c - 3 scrolls of immolation
 f - a scroll of enchant weapon {unknown}
 h - a scroll of brand weapon {unknown}
 j - 2 scrolls of magic mapping {unknown}
 m - 2 scrolls of fog {unknown}
 n - 8 scrolls of identify {unknown}
 q - a scroll of torment {unknown}
 s - 2 scrolls of teleportation {unknown}
 t - a scroll of noise {unknown}
 w - a scroll of vulnerability {unknown}
 y - a scroll of blinking {unknown}
Potions
 d - 2 potions of degeneration {unknown}
 g - a potion of attraction {unknown}
 i - 4 potions of might {unknown}
 k - a potion of brilliance {unknown}
 p - a potion of invisibility {unknown}
 r - 3 potions of heal wounds {unknown}
 u - a potion of berserk rage {unknown}
 v - a potion of haste {unknown}
 x - a potion of curing {unknown}


   Skills:
 - Level 1.5 Fighting
 + Level 13.2 Bows
 - Level 2.6 Dodging
 - Level 1.5 Stealth


You had 7 spell levels left.
You didn't know any spells.
Your spell library contained the following spells:

 Spells                   Type           Power      Damage    Failure   Level
 Magic Dart               Conj           0%         1d3       36%         1
 Blink                    Tloc           0%         N/A       50%         2
 Ensorcelled Hibernation  Hex/Ice        0%         N/A       50%         2
 Searing Ray              Conj           0%         2d4       50%         2
 Frozen Ramparts          Ice            0%         1d2       75%         3
 Lesser Beckoning         Tloc           0%         N/A       75%         3
 Spider Form              Tmut/Pois      0%         N/A       75%         3
 Anguish                  Hex/Necr       0%         N/A       98%         4
 Corpse Rot               Necr/Pois/Air  0%         N/A       98%         4
 Dispel Undead            Necr           0%         3d6       98%         4
 Fulminant Prism          Conj/Hex       0%         3d6       98%         4
 Iskenderun's Mystic Bla  Conj/Tloc      0%         2d3       98%         4
 Passage of Golubria      Tloc           0%         N/A       98%         4
 Summon Lightning Spire   Summ/Air       0%         N/A       98%         4
 Blade Hands              Tmut           0%         N/A       100%        5
 Irradiate                Conj/Tmut      0%         3d13      100%        5
 Manifold Assault         Tloc           0%         N/A       100%        5
 Death Channel            Necr           0%         N/A       100%        6
 Dragon Form              Tmut           0%         N/A       100%        7
 Storm Form               Tmut/Air       0%         N/A       100%        7
 Maxwell's Capacitive Co  Air            0%         ∞         100%        8


Dungeon Overview and Level Annotations

Branches:
Dungeon (7/15)             Temple (1/1) D:5

Altars:
Ashenzari
Cheibriados
Dithmenos
Elyvilon
Fedhas
Kikubaaqudgha
Nemelex Xobeh
Okawaru
Qazlal
Ru
Sif Muna
Uskayaw
Vehumet
Wu Jian
Yredelemnul
The Shining One

Shops:
D:6 =


Innate Abilities, Weirdness & Mutations

You are very small and have problems with some larger weapons.
You are too small for most types of armour.
You have supernaturally acute eyesight. (SInv)
You cover ground extremely quickly. (Speed+++)


Message History

The wight is severely damaged.
The wight is no longer paralysed. x3; The wight closely misses you.
The wight hits you but does no damage. The wight barely misses you.
You shoot an arrow. The arrow hits the wight!
You destroy the wight!
The wight closely misses you. The wight barely misses you.
You shoot an arrow. The arrow hits the wight.
The wight is lightly damaged.
The wight closely misses you. The wight hits you with a +3 hand axe.
You feel drained.
Uskayaw will force your foes to share their pain.
Uskayaw links your audience in an emotional bond!
You are too injured to fight recklessly!
You are too injured to fight recklessly!
You are too injured to fight recklessly!
You are too injured to fight recklessly!
Unknown command.
Annotate which branch? (. - D:7, ? - help, ! - show branch list)
Okay, then.
Unknown command.
Shoot: a) +1 shortbow
Press: ? - help, Q - select action, (/) - cycle Shift-Dir - straight line, f/p - wight
Aim: a wight, wielding a +3 hand axe and wearing a +0 robe (lightly damaged, sharing its pain, 69% to hit)
You shoot an arrow.
The arrow hits the wight but does no damage.
The wight is lightly damaged.
The wight hits you with a +0 short sword.
The wight hits you with a +3 hand axe!
* * * LOW HITPOINT WARNING * * *
You feel drained.
* * * LOW HITPOINT WARNING * * *
The wight completely misses you.
The wight is no longer sharing its pain. x2
Shoot: a) +1 shortbow
Press: ? - help, Q - select action, (/) - cycle Shift-Dir - straight line, f/p - wight
Aim: a wight, wielding a +3 hand axe and wearing a +0 robe (lightly damaged, 69% to hit)
You shoot an arrow. The arrow hits the wight.
The wight is moderately damaged.
The wight hits you with a +3 hand axe.
You die...

#
########..###
#)..z@?......
#)..z........
#............
#............
#............
#............
#############


You could see 2 wights.

Vanquished Creatures
  Edmund (D:4)
  A black bear (D:4)
  An ice beast (D:5)
  An orc warrior (D:6)
  2 ogres (D:5)
  2 scorpions
  2 wights (D:7)
  A howler monkey (D:5)
  3 hounds
  A jelly (D:6)
  3 orc priests
  2 iguanas (D:6)
  3 orc wizards
  9 adders
  A gnoll (D:1)
  A shadow imp (D:6)
  A white imp (D:5)
  3 ufetubi
  2 worms
  2 dart slugs (D:3)
  19 orcs
  7 ball pythons
  7 endoplasms
  4 giant cockroaches (D:1)
  13 hobgoblins
  10 jackals
  8 kobolds
  3 quokkas
  13 bats
  2 frilled lizards
  10 goblins
  3 rats (D:1)
141 creatures vanquished.

Vanquished Creatures (others)
  A fungus (D:3)
1 creature vanquished.

Grand Total: 142 creatures vanquished

Notes
Turn   | Place    | Note
-------+----------+-------------------------------------------
     0 | D:1      | PentaManta the Spriggan Hunter began the quest for the Orb.
     0 | D:1      | Reached XP level 1. HP: 10/10 MP: 2/2
    14 | D:1      | Reached skill level 5 in Bows
    32 | D:1      | Reached XP level 2. HP: 6/14 MP: 3/3
   480 | D:1      | Reached skill level 6 in Bows
   512 | D:1      | Reached XP level 3. HP: 18/18 MP: 4/4
   859 | D:2      | You fall into a shaft and drop 1 floor!
   961 | D:3      | Found a basalt altar of Yredelemnul.
  1157 | D:2      | Reached XP level 4. HP: 22/22 MP: 5/5
  1228 | D:2      | Reached skill level 7 in Bows
  2130 | D:3      | Reached XP level 5. HP: 25/25 MP: 6/6
  2327 | D:4      | Noticed a black bear
  2340 | D:4      | Killed a black bear
  2341 | D:4      | Reached skill level 8 in Bows
  2547 | D:4      | Identified the +0 helmet "Arierex" {rF+ Will+}
  2573 | D:4      | Reached skill level 9 in Bows
  2573 | D:4      | Reached XP level 6. HP: 25/30 MP: 7/7
  2733 | D:4      | Found a shimmering blue altar of Sif Muna.
  3024 | D:4      | Noticed Edmund
  3046 | D:4      | Killed Edmund
  3047 | D:4      | Reached skill level 10 in Bows
  3162 | D:4      | Reached XP level 7. HP: 33/33 MP: 8/8
  3251 | D:5      | Entered Level 5 of the Dungeon
  3251 | D:5      | Found a staircase to the Ecumenical Temple.
  3269 | D:5      | Got the Volume of the Quantum Glacier
  3272 | Temple   | Entered the Ecumenical Temple
  5294 | Temple   | Became a worshipper of Uskayaw the Reveller
  5435 | D:5      | Reached * piety under Uskayaw
  5553 | D:5      | Reached ** piety under Uskayaw
  5579 | D:5      | Reached *** piety under Uskayaw
  5580 | D:5      | Reached skill level 11 in Bows
  6045 | D:5      | Found a glowing golden altar of the Shining One.
  6045 | D:5      | Found an ornate altar of the Wu Jian Council.
  6046 | D:5      | Found a stormy altar of Qazlal.
  6174 | D:5      | Reached skill level 12 in Bows
  6174 | D:5      | Reached XP level 8. HP: 37/37 MP: 9/9
  6464 | D:6      | Reached **** piety under Uskayaw
  6694 | D:6      | Found an iron altar of Okawaru.
  6698 | D:6      | Found Amerr's Jewellery Emporium.
  6719 | D:6      | Found a snail-covered altar of Cheibriados.
  6900 | D:7      | Reached skill level 13 in Bows
  6908 | D:7      | Slain by a wight

Illustrated notes

Levels and vault maps discovered:
D:1:      lightli_arrival_statuegarden, layout_basic, st_stairs_8
D:2:      layout_rooms, grunt_decor_mini_mirrors
D:3:      layout_basic, mainiacjoe_overflow_chevrons, serial_corexii_hall,
          corexii_hall_statues_s, corexii_hall_statues_deadend, kennysheep_nub,
          wander_ebering_terrifying_dragon_lair
D:4:      layout_loops_ring, led_sif_book, uniq_edmund
D:5:      layout_loops_corners, gammafunk_temple_overflow_forgotten,
          minmay_temple_entry_offerings, supply_closet_lemuel,
          kennysheep_small_circle
D:6:      layout_rooms, okawaru_gym_becter, lemuel_crystal_altar, serial_shops,
          shop, minmay_manual_monolith
D:7:      layout_gridville, xom_teletrap_fun, chequers_garden, uniq_menkaure
Temple:   jpeg_temple_island

Skill      XL: |  1  2  3  4  5  6  7  8 |
---------------+-------------------------+-----
Bows           | 5 6 7 9 10 12 13 | 13.2
Fighting       | |  1.5
Dodging        | |  2.6
Stealth        | |  1.5

Action                   |  1- 3 |  4- 6 |  7- 9 || total
-------------------------+-------+-------+-------++-------
 Fire: Shortbow          |   118 |   147 |   138 ||   403
Armor: Robe              |     2 |    17 |     9 ||    28
Dodge: Dodged            |    40 |    47 |    34 ||   121

Table legend: (Time is in decaauts)
 A = Elapsed time spent in this place.
 B = Non-inter-level travel time spent in this place.
 C = Inter-level travel time spent in this place.
 D = Time resting spent in this place.
 E = Time spent auto-exploring this place.
 F = Levels seen in this place.
 G = Mean time per level.
                   A        B        C        D        E       F      G
               +--------+--------+--------+--------+--------+-----+--------+
         Total |   5464 |   5339 |    125 |   1700 |   2920 |   8 |  683.0 |
       Dungeon |   3487 |   3380 |    107 |      0 |   2737 |   7 |  498.1 |
        Temple |   1976 |   1958 |     18 |   1700 |    182 |   1 | 1976.0 |
               +--------+--------+--------+--------+--------+-----+--------+

Top non-repeatable levels by time:
  Temple: 1976 daAuts
     D:5: 767 daAuts
     D:1: 699 daAuts
     D:4: 669 daAuts
     D:3: 655 daAuts
     D:6: 348 daAuts
     D:2: 334 daAuts
     D:7: 13 daAuts
